 Dungeon Crawl Stone Soup version 0.27.1-34-g3ba077fa99 (webtiles) character file.

Game seed: 4719508462489317115

18579 ticklebelly the Fighter (level 12, 0/118 HPs)
             Began as a Minotaur Berserker on Jan 6, 2022.
             Was a High Priest of Trog.
             Succumbed to a black mamba's poison
             ... on level 3 of the Lair of Beasts on Jan 7, 2022.
             The game lasted 00:31:51 (14256 turns).

ticklebelly the Fighter (Minotaur Berserker)       Turns: 14256, Time: 00:31:52

Health: 0/118      AC: 22    Str: 28    XL:     12   Next: 29%
Magic:  11/11      EV:  9    Int:  4    God:    Trog [*****.]
Gold:   676        SH:  5    Dex: 15    Spells: 11/11 levels left

rFire    . . .     SeeInvis +   M - +2 morningstar (protect)
rCold    . . .     Faith    +   z - +0 buckler
rNeg     . . .     Spirit   .   E - +0 plate armour
rPois    .         Reflect  .   L - +2 hat {Stlth+}
rElec    .         Harm     .   (no cloak)
rCorr    .         Rampage  .   h - +0 pair of gloves
Will     .....                  (no boots)
Stlth    ..........             A - amulet of faith
HPRegen  0.29/turn              b - +4 ring of protection
MPRegen  0.12/turn              N - ring "Xoet" {Dex+6 SInv}

@: lethally poisoned (0 -> -3), on berserk cooldown, slowed, very slow
A: horns 2, retaliatory headbutt
a: Renounce Religion, Berserk, Trog's Hand, Brothers in Arms


You were on level 3 of the Lair of Beasts.
You worshipped Trog.
Trog was extremely pleased with you.
You visited 2 branches of the dungeon, and saw 12 of its levels.
You also visited: Sewer and Ossuary.

You collected 676 gold pieces.

Inventory:

Hand Weapons
 y - a +0 broad axe
 C - a +5 war axe
 M - a +2 morningstar of protection (weapon)
Missiles
 R - 15 javelins (quivered)
Armour
 h - a +0 pair of gloves (worn)
 q - a +0 chain mail
 z - a +0 buckler (worn)
 E - a +0 plate armour (worn)
 F - a +0 kite shield
 L - a +2 hat of stealth (worn)
Jewellery
 a - a ring of flight
 b - a +4 ring of protection (left hand)
 A - an amulet of faith (around neck)
 D - a ring of protection from cold
 J - a +6 ring of intelligence
 N - the ring "Xoet" (right hand) {Dex+6 SInv}
   (You found it on level 1 of the Lair of Beasts)

   [ring of see invisible]

   Dex:       It affects your dexterity (+6).
   SInv:      It lets you see invisible.
 O - the ring "Paam" {Fly rPois rC+ Int+3 Dex-5}
   (You found it on level 1 of the Lair of Beasts)

   [ring of protection from cold]

   Int:       It affects your intelligence (+3).
   Dex:       It affects your dexterity (-5).
   rC:        It protects you from cold.
   rPois:     It protects you from poison.
   Fly:       It grants you flight.
Wands
 x - a wand of flame (20)
 K - a wand of polymorph (11)
 S - a wand of acid (10)
Scrolls
 c - 9 scrolls of identify {unknown}
 d - a scroll of vulnerability {unknown}
 f - 3 scrolls of blinking {unknown}
 g - a scroll of fog {unknown}
 l - 4 scrolls of teleportation {unknown}
 n - 2 scrolls of amnesia {unknown}
 p - 5 scrolls of noise {unknown}
 r - 2 scrolls of enchant armour {unknown}
 u - 3 scrolls of magic mapping {unknown}
 w - 2 scrolls of enchant weapon {unknown}
 B - a scroll of holy word {unknown}
Potions
 e - 6 potions of curing {unknown}
 i - a potion of cancellation {unknown}
 j - 3 potions of lignification {unknown}
 k - a potion of attraction {unknown}
 m - a potion of invisibility {unknown}
 o - 2 potions of magic {unknown}
 s - 2 potions of brilliance {unknown}
 t - a potion of flight {unknown}
 v - 3 potions of mutation {unknown}
 G - 3 potions of haste {unknown}
 H - a potion of heal wounds {unknown}
 I - a potion of berserk rage {unknown}
 P - a potion of degeneration {unknown}
 Q - 8 potions of ambrosia


   Skills:
 + Level 14.9 Fighting
 + Level 14.8 Axes
 - Level 10.7 Armour
 - Level 3.2 Dodging
 - Level 4.0 Shields


You had 11 spell levels left.
You didn't know any spells.
Your spell library was empty.

Dungeon Overview and Level Annotations

Branches:
Dungeon (9/15)             Temple (0/1) D:4            Lair (3/6) D:9
 Shoals (0/4) Lair:3        Sewer (visited)         Ossuary (visited)
  Snake: Lair:2-4    Spider: Lair:2-4       Orc: D:9-12

Altars:

Shops:
D:4 :


Innate Abilities, Weirdness & Mutations

You have a pair of horns on your head.
You reflexively headbutt those who attack you in melee.


Message History

You impale the black mamba!! Your headbutt misses the black mamba.
The black mamba is severely wounded.
You feel very sick.
The black mamba bites you but does no damage.
You block the cane toad's attack.
You miss the black mamba. You headbutt the black mamba!
You feel the power of Trog in you as your rage grows.
You kill the black mamba!
Trog accepts your kill.
You feel sick. The cane toad stings you!
* * * LOW HITPOINT WARNING * * *
You barely miss the cane toad.
The cane toad is almost dead.
* * * LOW HITPOINT WARNING * * *
You feel sick. You block the cane toad's attack.
You closely miss the cane toad. Your headbutt misses the cane toad.
The cane toad is almost dead.
* * * LOW HITPOINT WARNING * * *
You feel sick.
Your plate armour prevents you from hitting the cane toad.
You headbutt the cane toad.
You feel the power of Trog in you as your rage grows.
You kill the cane toad!
Trog accepts your kill.
* * * LOW HITPOINT WARNING * * *
You feel sick.
* * * LOW HITPOINT WARNING * * *
You feel sick.
You feel a strong urge to attack something.
* * * LOW HITPOINT WARNING * * *
You feel sick.
* * * LOW HITPOINT WARNING * * *
You feel sick.
You feel your anger nearly subside.
* * * LOW HITPOINT WARNING * * *
You feel sick.
You are no longer berserk.
You are exhausted.
You feel yourself slow down.
You die...

## ## ####....##
P.P##P##P#....#.#
................#
..#.##.#######.#####
#.#..#P....#..#..##
#..#.#.#+#.#.##...##
#.#..#.#)#.#.##....###
#...#.#.###†#.##......#
#..##.#P.†@.#.##......####
#.# #.###†###..#.........#
## #...................##
#...###.##...........##
#..#)........#.....#..#
#.# ##.###..#.#...#####
..# .. .....##....######
.## .####.#.....#...##...
. .. ##.......#....#..


There were no monsters in sight!

Vanquished Creatures
  Gastronok (Lair:1)
  A hydra (Lair:3)
  Erolcha (D:9)
  A boulder beetle (Lair:2)
  A two-headed ogre (D:8)
  An elephant (Lair:3)
  2 black mambas
  3 cane toads
  2 komodo dragons
  4 merfolk (Lair:3)
  A queen bee (Lair:2)
  9 blink frogs
  Prince Ribbit (Lair:1)
  Sigmund (D:2)
  16 yaks
  A steam dragon (D:9)
  Edmund (D:3)
  8 water moccasins
  An orc warrior (D:7)
  A black bear (D:8)
  A sky beast (D:7)
  An ice beast (D:7)
  4 ogres
  3 centaurs
  A phantom (D:5)
  2 kobold brigands (D:8)
  8 bullfrogs
  2 elf zombies (Ossuary)
  4 scorpions
  A water moccasin zombie (D:5)
  23 killer bees (Lair:2)
  A water moccasin skeleton (D:5)
  9 wights
  3 howler monkeys (D:8)
  6 centaur zombies
  2 human zombies (Ossuary)
  A gnoll shaman (D:7)
  7 hounds
  5 orc priests
  2 centaur skeletons
  An iguana (D:6)
  3 orc wizards
  Terence (D:2)
  A hound zombie (D:5)
  A hound skeleton (D:4)
  2 mummies (Ossuary)
  A howler monkey zombie (D:9)
  14 adders
  A shadow imp (D:6)
  2 white imps
  An ufetubus (D:5)
  3 worms
  A dart slug (D:1)
  16 orcs
  17 ball pythons
  23 endoplasms
  17 giant cockroaches
  5 goblins
  6 hobgoblins
  10 jackals
  14 quokkas
  4 bats
  10 frilled lizards
  4 goblin zombies (Ossuary)
  13 hobgoblin zombies (Ossuary)
  20 kobolds
  10 kobold zombies (Ossuary)
  5 orc zombies (Ossuary)
  4 rats
353 creatures vanquished.

Vanquished Creatures (collateral kills)
  4 oklob plants (Lair:1)
4 creatures vanquished.

Vanquished Creatures (others)
  3 fungi
  10 plants
13 creatures vanquished.

Grand Total: 370 creatures vanquished

Notes
Turn   | Place    | Note
-------+----------+-------------------------------------------
     0 | D:1      | ticklebelly the Minotaur Berserker began the quest for the
                  | Orb.
     0 | D:1      | Reached XP level 1. HP: 19/19 MP: 0/0
   102 | D:1      | Reached XP level 2. HP: 27/27 MP: 1/1
   475 | D:1      | Reached XP level 3. HP: 32/33 MP: 2/2
   498 | D:1      | Reached ** piety under Trog
   573 | D:1      | Found a faded altar of an unknown god.
   654 | D:2      | Noticed Terence
   668 | D:2      | Killed Terence
   864 | D:2      | Reached XP level 4. HP: 41/41 MP: 3/3
   974 | D:2      | Reached skill level 5 in Axes
   991 | D:2      | Reached skill level 5 in Fighting
  1024 | D:2      | Noticed Sigmund
  1034 | D:2      | Killed Sigmund
  1035 | D:2      | Reached XP level 5. HP: 50/50 MP: 4/4
  1563 | D:3      | Reached XP level 6. HP: 50/57 MP: 5/5
  2521 | D:4      | Noticed Edmund
  2552 | D:3      | Killed Edmund
  2553 | D:3      | Reached XP level 7. HP: 53/64 MP: 6/6
  3020 | D:4      | Found a staircase to the Ecumenical Temple.
  3068 | D:4      | Found Ymerghoji's Book Shop.
  3158 | D:4      | Reached *** piety under Trog
  3785 | D:5      | Entered Level 5 of the Dungeon
  4050 | D:5      | Reached skill level 5 in Armour
  4212 | D:5      | Reached XP level 8. HP: 72/74 MP: 7/7
  4853 | D:6      | Found a sand-covered staircase.
  4857 | Ossuary  | Entered an ossuary
  4958 | Ossuary  | Reached **** piety under Trog
  5196 | D:6      | Identified the +8 trident of Bodily Harmony {pain, +Rage
                  | Int+3 Dex-5}
  5268 | D:6      | Found a glowing drain.
  5291 | Sewer    | Entered a sewer
  5783 | Sewer    | Reached ***** piety under Trog
  5906 | D:6      | Reached XP level 9. HP: 74/85 MP: 8/8
  6570 | D:7      | Reached skill level 10 in Fighting
  6570 | D:7      | Reached skill level 10 in Axes
  7049 | D:7      | Received a gift from Trog
  7067 | D:7      | Reached skill level 1 in Shields
  8791 | D:9      | Noticed a two-headed ogre
  8802 | D:8      | Killed a two-headed ogre
  8803 | D:8      | Reached XP level 10. HP: 75/97 MP: 9/9
  9295 | D:9      | Received a gift from Trog
  9677 | D:9      | Found a staircase to the Lair.
  9707 | D:9      | Noticed Erolcha
  9720 | D:9      | Killed Erolcha
 10192 | Lair:1   | Entered Level 1 of the Lair of Beasts
 10210 | Lair:1   | Noticed an oklob plant
 10315 | Lair:1   | Noticed a black mamba
 10319 | Lair:1   | Killed a black mamba
 10638 | Lair:1   | Noticed Prince Ribbit
 10656 | Lair:1   | Reached XP level 11. HP: 68/105 MP: 10/10
 10882 | Lair:1   | Killed Prince Ribbit
 10998 | Lair:1   | Noticed Gastronok
 11018 | Lair:1   | Killed Gastronok
 11417 | Lair:1   | Noticed an oklob plant
 11418 | Lair:1   | Noticed an oklob plant
 11419 | Lair:1   | Noticed an oklob plant
 11435 | Lair:1   | Killed an oklob plant
 11436 | Lair:1   | HP: 5/107 [acid (15)]
 11843 | Lair:1   | Killed an oklob plant
 11845 | Lair:1   | Killed an oklob plant
 11851 | Lair:1   | Killed an oklob plant
 12065 | Lair:1   | Identified the ring "Xoet" {Dex+6 SInv}
 12068 | Lair:1   | Identified the ring "Paam" {Fly rPois rC+ Int+3 Dex-5}
 12160 | Lair:2   | Reached skill level 10 in Armour
 13168 | Lair:2   | Noticed a boulder beetle
 13181 | Lair:2   | Killed a boulder beetle
 13770 | Lair:3   | Reached XP level 12. HP: 101/117 MP: 11/11
 14001 | Lair:3   | Found a staircase to the Shoals.
 14233 | Lair:3   | Noticed a four-headed hydra
 14245 | Lair:3   | Killed an eight-headed hydra
 14245 | Lair:3   | Received a gift from Trog
 14248 | Lair:3   | HP: 8/177 [cane toad (17)]
 14252 | Lair:3   | HP: 3/177 [poisoned by a black mamba]
 14255 | Lair:3   | HP: 1/177 [poisoned by a black mamba]
 14256 | Lair:3   | Succumbed to a black mamba's poison

Illustrated notes

Levels and vault maps discovered:
D:1:      lightli_arrival_quake, layout_rooms, shapermc_ecumenical_altar_petra
D:2:      layout_basic, minivault_11, uniq_sigmund, uniq_terence
D:3:      layout_basic
D:4:      layout_gridville, minmay_temple_entry_mist, serial_shops, shop,
          uniq_edmund
D:5:      layout_loops_cross
D:6:      layout_loops_ring, nicolae_ossuary_entry_false_entrances,
          cheibrodos_sewer_entry_drain
D:7:      layout_loops_corners, hangedman_minor_gate_pass
D:8:      layout_cave_pools
D:9:      layout_cross, uniq_erolcha
Lair:1:   layout_roguey, lemuel_fruit_tree, minmay_lair_oklob_chamber,
          uniq_gastronok, uniq_prince_ribbit2
Lair:2:   layout_hall_layers, special_room [special_room_bee],
          nicolae_quartered_pool_little
Lair:3:   layout_cave_pods, elwin_shoals_entry_stream, special_room,
          minmay_shattered_shrine

Skill      XL: |  1  2  3  4  5  6  7  8  9 10 11 |
---------------+----------------------------------+-----
Fighting       | 4 6 7 9 11 12 14 | 14.9
Axes           | 4 6 7 9 11 12 14 | 14.8
Armour         | 3 5 6 8 10 | 10.7
Dodging        | 3 |  3.2
Shields        | 4 |  4.0

Action                   |  1- 3 |  4- 6 |  7- 9 | 10-12 || total
-------------------------+-------+-------+-------+-------++-------
Melee: Hand axe          |    81 |   108 |   335 |       ||   524
       Headbutt          |    14 |    21 |    90 |    61 ||   186
       Broad axe         |       |       |    51 |       ||    51
       War axe           |       |       |    35 |   239 ||   274
       Morningstar       |       |       |       |     9 ||     9
Invok: Berserk           |     1 |     1 |     3 |     2 ||     7
       Brothers in Arms  |       |       |       |     3 ||     3
       Trog's Hand       |       |       |       |     1 ||     1
Armor: Scale mail        |    35 |    49 |    27 |       ||   111
       Chain mail        |       |       |   220 |       ||   220
       Plate armour      |       |       |     9 |   159 ||   168
Dodge: Dodged            |    31 |    64 |   193 |    99 ||   387
Block: Buckler           |       |       |     9 |    60 ||    69
